 Dungeon Sprint DCSS version 0.31.0-32-g396128a36d (webtiles) character file.

Game seed: 9465939458885701333

188 Heoruswealwe the Spear-Bearer (level 5, 0/52 HPs)
             Began as a Minotaur Fighter on Mar 30, 2024.
             Incinerated by a bombardier beetle (3 damage)
             ... with a burning spray
             ... in the Dungeon (Sprint IX: "|||||||||||||||||||||||||||||").
             The game lasted 00:00:50 (56 turns).

Heoruswealwe the Spear-Bearer (Minotaur Fighter)      Turns: 56, Time: 00:00:51

Health: 0/52       AC:  8    Str: 23    XL:     5   Next: 39%
Magic:  4/4        EV:  9    Int:  5    God:
Gold:   0          SH:  4    Dex:  9    Spells: 4/4 levels left

rFire   . . .        a - +0 trident
rCold   . . .        d - +0 buckler
rNeg    . . .        c - +0 scale mail
rPois   .            (helmet restricted)
rElec   .            (no cloak)
rCorr   .            (no gloves)
SInv    .            (no boots)
Will    .....        (no amulet) Stlth
                     (no ring)
HPRegen 0.28/turn    (no ring)
MPRegen 0.09/turn

%: no teleportation
@: on fire, glowing
A: horns 2, retaliatory headbutt
a: no special abilities


You were in the Dungeon.
You visited 1 branch

Inventory:

Hand Weapons
 a - a +0 trident (weapon)
Armour
 c - a +0 scale mail (worn)
 d - a +0 buckler (worn)
Scrolls
 j - a scroll of blinking
Potions
 b - a potion of might
 g - a potion of haste
 h - 2 potions of magic
 i - a potion of berserk rage


   Skills:
 + Level 7.6 Fighting
 * Level 9.8 Polearms
 + Level 7.6 Armour
 - Level 3.6 Shields


You had 4 spell levels left.
You didn't know any spells.
Your spell library was empty.

Dungeon Overview and Level Annotations

Branches:
Dungeon (1/1)

Altars:


Innate Abilities, Weirdness & Mutations

You have a pair of horns on your head.
You reflexively headbutt those who attack you in melee.


Message History

There is an open door, spattered with blood here.
Things that are here:
a +0 dagger; a +0 robe; a water moccasin corpse You hit the bombardier beetle but do no damage.
You headbutt the bombardier beetle.
The bombardier beetle is moderately wounded.
You puncture the bombardier beetle!
The bombardier beetle is severely wounded.
The bombardier beetle sprays incendiary fluid at you.
The burning spray hits you.
You are covered in liquid fire!
You barely miss the bombardier beetle.
The bombardier beetle is severely wounded.
The liquid fire burns you!
You puncture the bombardier beetle!
You kill the bombardier beetle!
The liquid fire burns you!
Your Fighting skill increases to level 7!
Your Polearms skill increases to level 9!
Your Armour skill increases to level 7!
You have reached level 5!
You hit the jelly.
Your hands burn!
The jelly is moderately wounded.
The liquid fire burns you!
* * * LOW HITPOINT WARNING * * *
You block the jelly's attack.
You hit the jelly.
Your hands burn!
* * * LOW HITPOINT WARNING * * *
You headbutt the jelly!
You kill the jelly!
The liquid fire burns you!
* * * LOW HITPOINT WARNING * * *
You closely miss the scorpion. The liquid fire burns you!
* * * LOW HITPOINT WARNING * * *
The scorpion barely misses you.
You hit the scorpion.
The scorpion is moderately wounded.
The liquid fire burns you!
You die... ▓▓▓▓▓▓▓▓▓▓▓▓▓▓▓▓▓▓ ▓<...†.†...@s....+ ▓▓▓▓▓▓▓▓▓▓▓▓▓▓▓▓▓▓

You could see a scorpion.

Vanquished Creatures
  A water moccasin (D)
  A jelly (D)
  A bombardier beetle (D)
  An orc wizard (D)
  An endoplasm (D)
  A hobgoblin (D)
  A ball python (D)
  2 rats (D)
9 creatures vanquished.

Notes
Turn   | Place    | Note
-------+----------+-------------------------------------------
     0 | D        | Heoruswealwe the Minotaur Fighter began the quest for the
                  | Orb.
     0 | D        | Reached XP level 1. HP: 19/19 MP: 0/0
     8 | D        | Reached skill level 3 in Polearms
    20 | D        | Noticed an orc wizard
    20 | D        | Noticed a water moccasin
    20 | D        | Noticed a bombardier beetle
    20 | D        | Noticed a jelly
    20 | D        | Noticed a scorpion
    43 | D        | Killed a water moccasin
    44 | D        | Reached skill level 8 in Polearms
    44 | D        | Reached XP level 2. HP: 20/31 MP: 1/1
    44 | D        | Reached XP level 3. HP: 24/38 MP: 2/2
    44 | D        | Reached XP level 4. HP: 29/45 MP: 3/3
    53 | D        | Reached skill level 9 in Polearms
    53 | D        | Reached XP level 5. HP: 22/52 MP: 4/4
    56 | D        | Incinerated by a bombardier beetle

Illustrated notes

Levels and vault maps discovered:
D:        linesprint [early_d, line_temple, items_1, d_10, items_2, lair_1,
          lair_end, items_3, orc_1, orc_end, items_4, d_15, swamp_1, shoals_1,
          snake_1, spider_1, d_20, vaults_1, items_5, swamp_end, shoals_end,
          snake_end, spider_end, vaults_end, d_27, items_6, zot_1, zot_end,
          crypt_end, forest_end, elf_end, slime_end, tomb_end, abyss_end,
          pan_hell_end]

Skill      XL: |  1  2  3  4 |
---------------+-------------+-----
Polearms       | 8 9 |  9.8
Fighting       | 6 7 |  7.6
Armour         | 6 7 |  7.6
Shields        | |  3.6

Action                     |  1- 3 |  4- 6 || total
---------------------------+-------+-------++-------
  Melee: Trident           |    25 |    12 ||    37
         Headbutt          |     2 |     3 ||     5
    Use: Potion            |     2 |       ||     2
 Armour: Scale mail        |    19 |     3 ||    22
  Dodge: Dodged            |     8 |     2 ||    10
  Block: Buckler           |     4 |     1 ||     5
